[Event "Condigne Dutch Open 2018"]
[Site "Dieren"]
[Date "2018.07.25"]
[Round "2"]
[White "Bruil, Rembrandt"]
[Black "Rajesh, V A V"]
[Result "1-0"]
[ECO "D90"]
[WhiteElo "2126"]
[BlackElo "2309"]
[Annotator "NA"]
[PlyCount "79"]
[EventDate "2018.07.24"]
[EventType "swiss"]
[EventCountry "NED"]
[SourceTitle "playchess.com"]
[Source "ChessBase"]
[SourceQuality "1"]
[TimeControl "40/5400+30:1800+30"]

1. d4 Nf6 2. c4 g6 3. Nc3 d5 4. Nf3 Bg7 5. h4 h6 6. e3 c6 7. cxd5 cxd5 8. Qb3 O-O 9. Bd3 Nc6 10. Bd2 Qd6 11. Nb5 Qb8 12. Rc1 Bg4 13. Ne5 Nxe5 14. dxe5 Qxe5 15. Bc3 Qh5 16. Nd4 e5 17. Ne2 Bxe2 18. Bxe2 Qf5 19. Qxb7 Rfb8 20. Qc6 Rc8 21. Qa4 Ne4 22. O-O Nxc3 23. bxc3 e4 24. Ba6 Rc7 25. Rfd1 Rb8 26. c4 Rb2 27. Rc2 Rxc2 28. Qxc2 d4 29. Qb3 Rc6 30. Qb5 Qe6 31. Bb7 Rb6 32. Qd5 Qg4 33. Rf1 d3 34. c5 Rb2 35. c6 Qe2 36. g3 Be5 37. Qxe5 Qxf1+ 38. Kxf1 Rb1+ 39. Kg2 d2 40. c7 1-0

[Event "Condigne Dutch Open 2018"]
[Site "Dieren"]
[Date "2018.07.26"]
[Round "3"]
[White "Van den Doel, Erik"]
[Black "Warmerdam, Max"]
[Result "1/2-1/2"]
[ECO "A13"]
[WhiteElo "2593"]
[BlackElo "2424"]
[Annotator "ChessBase"]
[PlyCount "160"]
[EventDate "2018.07.24"]
[EventType "swiss"]
[EventCountry "NED"]
[SourceTitle "playchess.com"]
[Source "ChessBase"]
[SourceQuality "1"]
[TimeControl "40/5400+30:1800+30"]

1. d4 Nf6 2. Nf3 e6 3. e3 c5 4. Bd3 d5 5. b3 Be7 6. O-O O-O 7. Bb2 Nc6 8. c4 cxd4 9. exd4 b6 10. Nbd2 Ba6 11. Rc1 Rc8 12. Qe2 Nd7 13. Rfd1 Bf6 14. Nf1 Re8 15. Ne3 dxc4 16. bxc4 g6 17. Bc3 Ne7 18. Qb2 Bg7 19. Be2 Qc7 20. Qa3 Qb7 21. Ng5 Nb8 22. d5 Nxd5 23. cxd5 Bxe2 24. Bxg7 Bxd1 25. Ba1 Be2 26. Ne4 e5 27. Nf6+ Kg7 28. Nxe8+ Rxe8 29. Qd6 Qe7 30. Qxe7 Rxe7 31. f4 f6 32. d6 Rd7 33. fxe5 fxe5 34. Rc8 Na6 35. Kf2 Bb5 36. Bxe5+ Kf7 37. Ng4 Nc5 38. Ke3 Nb7 39. Rc7 Ke6 40. Nf6 Rxc7 41. dxc7 Bd7 42. Nxd7 Kxd7 43. Kf4 h6 44. Bg7 Nd6 45. Bxh6 Nf7 46. Bg7 Kxc7 47. h4 Kd7 48. g4 Ke6 49. h5 gxh5 50. gxh5 Nd6 51. Be5 Ne8 52. h6 Nf6 53. Bb8 a6 54. Bc7 b5 55. Kg5 Kf7 56. Kf5 Nh7 57. Ba5 Nf6 58. Bc3 Nh7 59. Bb4 Nf6 60. Bc3 Nh7 61. Bd2 Nf6 62. Ba5 Nh7 63. Bd8 Nf8 64. Bg5 Nh7 65. Bc1 b4 66. Ke5 Nf6 67. Kd4 Kg6 68. Bf4 a5 69. Bd2 Kh7 70. Bg5 a4 71. Bc1 Ng4 72. Kc4 Ne5+ 73. Kxb4 Nd3+ 74. Kxa4 Nxc1 75. a3 Nd3 76. Kb5 Ne5 77. a4 Nd7 78. a5 Nb8 79. Kb6 Kxh6 80. a6 Nxa6 1/2-1/2

[Event "Condigne Dutch Open 2018"]
[Site "Dieren"]
[Date "2018.07.26"]
[Round "3"]
[White "Ivanisevic, Ivan"]
[Black "Bosboom, Manuel"]
[Result "1/2-1/2"]
[ECO "A53"]
[WhiteElo "2567"]
[BlackElo "2403"]
[Annotator "ChessBase"]
[PlyCount "83"]
[EventDate "2018.07.24"]
[EventType "swiss"]
[EventCountry "NED"]
[SourceTitle "playchess.com"]
[Source "ChessBase"]
[SourceQuality "1"]
[TimeControl "40/5400+30:1800+30"]

1. d4 Nf6 2. c4 d6 3. Nc3 Nbd7 4. e4 e5 5. Nge2 Be7 6. d5 a5 7. Ng3 h5 8. Be2 g6 9. Bd2 Nc5 10. Qc2 c6 11. Nf1 cxd5 12. cxd5 Bd7 13. f3 Rc8 14. a4 h4 15. Ne3 Nh5 16. Nc4 O-O 17. Nb5 Bxb5 18. axb5 a4 19. Be3 Bg5 20. Bf2 Nf4 21. O-O Nb3 22. Rxa4 Nd4 23. Bxd4 exd4 24. Qd1 Qf6 25. Rf2 Nh5 26. f4 Nxf4 27. Bg4 d3 28. g3 hxg3 29. hxg3 Qd4 30. Nxd6 Qe3 31. Qf3 Rc1+ 32. Kh2 Kg7 33. gxf4 Rh8+ 34. Bh3 Rh1+ 35. Kg2 R8xh3 36. Qxe3 R1h2+ 37. Kg1 Rh1+ 38. Kg2 R1h2+ 39. Kg1 Rh1+ 40. Kg2 R3h2+ 41. Kf3 Rh3+ 42. Kg2 1/2-1/2

[Event "Condigne Dutch Open 2018"]
[Site "Dieren"]
[Date "2018.07.26"]
[Round "3"]
[White "Ikonnikov, Vyacheslav"]
[Black "Vrolijk, Liam"]
[Result "1-0"]
[ECO "D39"]
[WhiteElo "2536"]
[BlackElo "2419"]
[Annotator "ChessBase"]
[PlyCount "81"]
[EventDate "2018.07.24"]
[EventType "swiss"]
[EventCountry "NED"]
[SourceTitle "playchess.com"]
[Source "ChessBase"]
[SourceQuality "1"]
[TimeControl "40/5400+30:1800+30"]

1. d4 Nf6 2. Nf3 d5 3. c4 e6 4. Bg5 Bb4+ 5. Nc3 dxc4 6. Qa4+ Nc6 7. e4 Bd7 8. Qc2 h6 9. Bd2 b5 10. Nxb5 Bxd2+ 11. Nxd2 a6 12. Na3 Nxd4 13. Qxc4 Bb5 14. Qc5 Qd6 15. Rc1 O-O 16. f3 Rfc8 17. Qxd6 cxd6 18. Rxc8+ Rxc8 19. Kd1 d5 20. Nxb5 axb5 21. Bd3 dxe4 22. Nxe4 Nd5 23. Kd2 Nf4 24. Rg1 Nxd3 25. Kxd3 Rd8 26. Ke3 f5 27. Nc5 f4+ 28. Ke4 Ne2 29. Re1 Rd4+ 30. Ke5 Rd5+ 31. Kxe6 Rd2 32. Ke5 Rxb2 33. Rd1 Nc3 34. Rd8+ Kh7 35. Kf5 Rb1 36. Ne6 Rd1 37. Rxd1 Nxd1 38. Nd4 Nc3 39. a3 Kg8 40. Ke6 g5 41. Kd6 1-0

[Event "Condigne Dutch Open 2018"]
[Site "Dieren"]
[Date "2018.07.26"]
[Round "3"]
[White "Lobanov, Sergei"]
[Black "Wiersma, Eelke"]
[Result "1-0"]
[ECO "B07"]
[WhiteElo "2521"]
[BlackElo "2346"]
[Annotator "RC"]
[PlyCount "97"]
[EventDate "2018.07.24"]
[EventType "swiss"]
[EventCountry "NED"]
[SourceTitle "playchess.com"]
[Source "ChessBase"]
[SourceQuality "1"]
[TimeControl "40/5400+30:1800+30"]

1. e4 d6 2. d4 Nf6 3. Nc3 g6 4. Be3 a6 5. f3 b5 6. Qd2 Nbd7 7. a4 b4 8. Na2 a5 9. Bb5 Bb7 10. d5 Bg7 11. Ne2 O-O 12. Nd4 Ne5 13. c3 e6 14. Nc6 Bxc6 15. dxc6 Nxe4 16. fxe4 Qh4+ 17. Bf2 Qxe4+ 18. Kf1 bxc3 19. Nxc3 Qb4 20. Qe2 Ng4 21. Nd1 Nxf2 22. Qxf2 d5 23. h4 d4 24. Rh3 e5 25. h5 Rae8 26. Qe1 Qxe1+ 27. Kxe1 gxh5 28. Rxh5 f5 29. Rc1 e4 30. Rc5 Be5 31. Bc4+ Kg7 32. Rxa5 Bg3+ 33. Kf1 Kg6 34. Rh3 Bd6 35. Rd5 d3 36. Nc3 Re5 37. b4 Rfe8 38. Rxe5 Bxe5 39. Nd5 h5 40. a5 Kg5 41. b5 Ra8 42. a6 f4 43. b6 cxb6 44. c7 Rc8 45. a7 Ra8 46. c8=Q Rxc8 47. Nxb6 e3 48. Bxd3 Rc1+ 49. Ke2 1-0

[Event "Condigne Dutch Open 2018"]
[Site "Dieren"]
[Date "2018.07.26"]
[Round "3"]
[White "Hausrath, Daniel"]
[Black "Ashwath, R.."]
[Result "0-1"]
[ECO "A11"]
[WhiteElo "2495"]
[BlackElo "2285"]
[Annotator "ChessBase"]
[PlyCount "90"]
[EventDate "2018.07.24"]
[EventType "swiss"]
[EventCountry "NED"]
[SourceTitle "playchess.com"]
[Source "ChessBase"]
[SourceQuality "1"]
[TimeControl "40/5400+30:1800+30"]

1. Nf3 d5 2. g3 Nf6 3. Bg2 c6 4. c4 dxc4 5. O-O Nbd7 6. Na3 Nb6 7. Qc2 g6 8. Nxc4 Nxc4 9. Qxc4 Bg7 10. e4 O-O 11. Re1 Be6 12. Qc2 Ng4 13. Qc5 b6 14. Qxc6 Bd4 15. Rf1 Rc8 16. Qa4 Bc4 17. d3 b5 18. Qd1 Nxf2 19. Rxf2 Bxf2+ 20. Kxf2 Bxd3 21. Bh6 Rc2+ 22. Kg1 Qb6+ 23. Kh1 Rd8 24. Qe1 Re2 25. Qc3 f6 26. e5 Qf2 27. Rg1 Rc2 28. Qa5 Rd7 29. exf6 Bf1 30. f7+ Kxf7 31. Ne1 Bxg2+ 32. Rxg2 Qf1+ 33. Rg1 Qe2 34. Rg2 Qf1+ 35. Rg1 Qe2 36. Rg2 Qe4 37. Kg1 Rxg2+ 38. Nxg2 Qb1+ 39. Ne1 Qxb2 40. Be3 Qe2 41. Bf2 Rd1 42. a3 a6 43. Qc3 Rd2 44. Qc5 a5 45. Kg2 Qxe1 0-1

[Event "Condigne Dutch Open 2018"]
[Site "Dieren"]
[Date "2018.07.26"]
[Round "3"]
[White "Van Foreest, Lucas"]
[Black "Schoppen, Casper"]
[Result "1/2-1/2"]
[ECO "C77"]
[WhiteElo "2488"]
[BlackElo "2395"]
[Annotator "ChessBase"]
[PlyCount "83"]
[EventDate "2018.07.24"]
[EventType "swiss"]
[EventCountry "NED"]
[SourceTitle "playchess.com"]
[Source "ChessBase"]
[SourceQuality "1"]
[TimeControl "40/5400+30:1800+30"]

1. e4 e5 2. Nf3 Nc6 3. Bb5 a6 4. Ba4 Nf6 5. Qe2 b5 6. Bb3 Bc5 7. c3 O-O 8. d3 h6 9. O-O Re8 10. Be3 Bf8 11. Rd1 d5 12. h3 Na5 13. Bc2 c5 14. Bc1 d4 15. Nbd2 Nc6 16. Nf1 Be6 17. Bb3 Qd7 18. Bxe6 Qxe6 19. Bd2 Rad8 20. Be1 Nh5 21. Qc2 Nf4 22. Bd2 dxc3 23. Bxc3 Rd7 24. Ne1 Red8 25. b3 g6 26. Ng3 Nd4 27. Qb2 Nc6 28. Qc2 Nd4 29. Qb2 h5 30. Ba5 Rb8 31. Bc3 Rbd8 32. Ba5 Rc8 33. Bc3 Bg7 34. Rac1 Rdc7 35. Bxd4 cxd4 36. Rxc7 Rxc7 37. Rd2 Qc8 38. Ne2 Nxe2+ 39. Rxe2 Rc1 40. Kf1 Rc3 41. Rc2 Bf8 42. Qc1 1/2-1/2

[Event "Condigne Dutch Open 2018"]
[Site "Dieren"]
[Date "2018.07.26"]
[Round "3"]
[White "Leenhouts, Koen"]
[Black "L'Ami, Erwin"]
[Result "1/2-1/2"]
[ECO "E39"]
[WhiteElo "2483"]
[BlackElo "2636"]
[Annotator "ChessBase"]
[PlyCount "57"]
[EventDate "2018.07.24"]
[EventType "swiss"]
[EventCountry "NED"]
[SourceTitle "playchess.com"]
[Source "ChessBase"]
[SourceQuality "1"]
[TimeControl "40/5400+30:1800+30"]

1. d4 Nf6 2. c4 e6 3. Nc3 Bb4 4. Qc2 c5 5. dxc5 O-O 6. Nf3 Na6 7. g3 Nxc5 8. Bg2 Nce4 9. O-O Bxc3 10. bxc3 d5 11. Nd2 Nxd2 12. Bxd2 dxc4 13. Bg5 Qc7 14. Bxf6 gxf6 15. Rab1 Rb8 16. Rb5 e5 17. Qc1 Kg7 18. f4 Bd7 19. fxe5 Bxb5 20. exf6+ Kh8 21. Qh6 Rg8 22. Be4 Rg6 23. Bxg6 fxg6 24. f7 Qc5+ 25. e3 Rf8 26. Qf4 Kg7 27. Qf6+ Kh6 28. Qh4+ Kg7 29. Qf6+ 1/2-1/2

[Event "Condigne Dutch Open 2018"]
[Site "Dieren"]
[Date "2018.07.26"]
[Round "3"]
[White "Lai, Hing Ting"]
[Black "Buckels, Valentin"]
[Result "1-0"]
[ECO "E11"]
[WhiteElo "2447"]
[BlackElo "2353"]
[Annotator "NA"]
[PlyCount "65"]
[EventDate "2018.07.24"]
[EventType "swiss"]
[EventCountry "NED"]
[SourceTitle "playchess.com"]
[Source "ChessBase"]
[SourceQuality "1"]
[TimeControl "40/5400+30:1800+30"]

1. d4 Nf6 2. c4 e6 3. Nf3 Bb4+ 4. Bd2 c5 5. Bxb4 cxb4 6. e3 b6 7. Bd3 Bb7 8. O-O O-O 9. Nbd2 d6 10. Re1 Re8 11. Nf1 Nbd7 12. e4 e5 13. Ng3 g6 14. Qd2 a5 15. Bc2 Rc8 16. b3 Qe7 17. Rad1 Red8 18. Qg5 Kf8 19. Re2 Ng8 20. Qe3 Ngf6 21. Red2 Ng4 22. Qe2 Kg7 23. Nxe5 Ngxe5 24. dxe5 Nxe5 25. f4 Nc6 26. Qf2 Qc7 27. Nf1 Ba6 28. Ne3 b5 29. cxb5 Bxb5 30. Rd5 Ba6 31. h4 Ne7 32. R5d2 Qb6 33. Nf5+ 1-0

[Event "Condigne Dutch Open 2018"]
[Site "Dieren"]
[Date "2018.07.26"]
[Round "3"]
[White "Himanshu, Sharma"]
[Black "Chanda, Sandipan"]
[Result "1/2-1/2"]
[ECO "B34"]
[WhiteElo "2420"]
[BlackElo "2548"]
[Annotator "ChessBase"]
[PlyCount "70"]
[EventDate "2018.07.24"]
[EventType "swiss"]
[EventCountry "NED"]
[SourceTitle "playchess.com"]
[Source "ChessBase"]
[SourceQuality "1"]
[TimeControl "40/5400+30:1800+30"]

1. e4 c5 2. Nc3 d6 3. d4 cxd4 4. Qxd4 Nc6 5. Qd2 g6 6. Nge2 Bh6 7. Qd1 Bg7 8. g3 Bg4 9. Bg2 Bxc3+ 10. bxc3 Bxe2 11. Qxe2 Qa5 12. O-O Nf6 13. Rb1 O-O 14. Rxb7 Rab8 15. Rb3 Qxa2 16. Ra3 Qe6 17. Be3 Rfc8 18. Re1 Rc7 19. Qd1 Ng4 20. Bd2 Nge5 21. Bh6 Nc4 22. Rb3 Qe5 23. Qd5 Nb6 24. Qd3 Qh5 25. Be3 Ne5 26. Qb5 Nbd7 27. Qd5 Rbc8 28. Bd4 Nc5 29. Ra3 Nf3+ 30. Bxf3 Qxf3 31. Raa1 e5 32. Bxc5 Rxc5 33. Qxd6 Rxc3 34. Qxe5 Rxc2 35. Qd4 R2c4 1/2-1/2

[Event "Condigne Dutch Open 2018"]
[Site "Dieren"]
[Date "2018.07.26"]
[Round "3"]
[White "Hendriks, Willy"]
[Black "De Jong, Tom"]
[Result "1/2-1/2"]
[ECO "A25"]
[WhiteElo "2417"]
[BlackElo "2201"]
[Annotator "NA"]
[PlyCount "58"]
[EventDate "2018.07.24"]
[EventType "swiss"]
[EventCountry "NED"]
[SourceTitle "playchess.com"]
[Source "ChessBase"]
[SourceQuality "1"]
[TimeControl "40/5400+30:1800+30"]

1. c4 Nf6 2. Nc3 g6 3. g3 Bg7 4. Bg2 O-O 5. d3 d6 6. e3 e5 7. Nge2 Nc6 8. O-O Be6 9. Nd5 Qd7 10. Nec3 Nd8 11. e4 c6 12. Nxf6+ Bxf6 13. f4 Bg7 14. Be3 f5 15. Qd2 fxe4 16. Nxe4 Bf5 17. fxe5 Bxe5 18. Rf2 Bg7 19. Raf1 Nf7 20. d4 Rae8 21. Ng5 Rxe3 22. Nxf7 Rd3 23. Nh6+ Kh8 24. Qxd3 Bxd3 25. Rxf8+ Bxf8 26. Rxf8+ Kg7 27. Rf7+ Qxf7 28. Nxf7 Kxf7 29. c5 dxc5 1/2-1/2

[Event "Condigne Dutch Open 2018"]
[Site "Dieren"]
[Date "2018.07.26"]
[Round "3"]
[White "Viani Antonio Dcunha"]
[Black "Sparenberg, Erik"]
[Result "0-1"]
[ECO "E63"]
[WhiteElo "2404"]
[BlackElo "2173"]
[Annotator "NA"]
[PlyCount "166"]
[EventDate "2018.07.24"]
[EventType "swiss"]
[EventCountry "NED"]
[SourceTitle "playchess.com"]
[Source "ChessBase"]
[SourceQuality "1"]
[TimeControl "40/5400+30:1800+30"]

1. c4 Nf6 2. d4 g6 3. Nc3 Bg7 4. Nf3 O-O 5. g3 d6 6. Bg2 Nc6 7. O-O a6 8. d5 Na5 9. b3 c5 10. dxc6 bxc6 11. Bb2 Rb8 12. Qd2 c5 13. Rac1 Nc6 14. h3 Bb7 15. Rcd1 Ba8 16. Qc2 Qd7 17. Rd2 Qb7 18. Qb1 Rfe8 19. Qa1 Bh6 20. e3 Ne5 21. Nd5 Nxf3+ 22. Bxf3 Nxd5 23. Bxd5 Qd7 24. Kh2 Bxd5 25. Rxd5 Qe6 26. Qe1 Bg7 27. Bxg7 Kxg7 28. e4 a5 29. Qxa5 Qxe4 30. Qc3+ e5 31. Rxd6 Qe2 32. Qa1 Ra8 33. a4 Rab8 34. Rd5 Rxb3 35. Rxc5 Rb2 36. a5 Rd8 37. Kg1 Rdd2 38. a6 Qf3 39. Qxb2 Rxb2 40. Ra5 Qc3 41. Raa1 Rb8 42. a7 Ra8 43. Rfc1 Qb2 44. Re1 Qd4 45. Ra5 Rxa7 46. Raxe5 Ra2 47. R5e3 Qxc4 48. h4 Qd5 49. Rf1 h6 50. Rfe1 Rd2 51. Re4 Rd1 52. R4e3 Rxe1+ 53. Rxe1 f5 54. Re7+ Kf6 55. Re8 Qc5 56. Re3 Qc1+ 57. Kg2 Qd1 58. Ra3 Qd5+ 59. Kh2 Qd4 60. Kg2 Qe4+ 61. Kh2 f4 62. Rb3 fxg3+ 63. Kxg3 Qe5+ 64. Kg2 Qd5+ 65. Rf3+ Kg7 66. Kg3 Qe5+ 67. Kg2 h5 68. Rh3 Qf5 69. f3 Qc2+ 70. Kg3 Qc7+ 71. Kg2 Qf4 72. Rh1 Kf6 73. Kf2 Kf5 74. Kg2 Qd6 75. Ra1 Qd2+ 76. Kh3 Kf4 77. Rg1 Qd7+ 78. Kh2 Qe6 79. Rg3 Qe2+ 80. Rg2 Kxf3 81. Rxe2 Kxe2 82. Kg2 Ke3 83. Kg3 Ke4 0-1

[Event "Condigne Dutch Open 2018"]
[Site "Dieren"]
[Date "2018.07.26"]
[Round "3"]
[White "Miedema, David"]
[Black "Pruijssers, Roeland"]
[Result "1/2-1/2"]
[ECO "C95"]
[WhiteElo "2370"]
[BlackElo "2501"]
[Annotator "ChessBase"]
[PlyCount "193"]
[EventDate "2018.07.24"]
[EventType "swiss"]
[EventCountry "NED"]
[SourceTitle "playchess.com"]
[Source "ChessBase"]
[SourceQuality "1"]
[TimeControl "40/5400+30:1800+30"]

1. e4 e5 2. Nf3 Nc6 3. Bb5 a6 4. Ba4 Nf6 5. O-O Be7 6. Re1 b5 7. Bb3 d6 8. c3 O-O 9. h3 Nb8 10. d4 Nbd7 11. c4 c6 12. a3 bxc4 13. Bxc4 Nxe4 14. dxe5 d5 15. Ba2 Qc7 16. Nc3 Ndc5 17. Nd4 Bd7 18. f3 Nxc3 19. bxc3 Bh4 20. Re2 Rae8 21. f4 f6 22. Nf3 Bg3 23. Be3 Ne4 24. Bxd5+ cxd5 25. Qxd5+ Kh8 26. Qxe4 Qxc3 27. Bd4 Qc6 28. Qxc6 Bxc6 29. Bc5 Bxf3 30. gxf3 Rg8 31. e6 Bxf4 32. Rd1 Rc8 33. e7 Rge8 34. Bb4 Kg8 35. Re4 Bc7 36. Kg2 Kf7 37. a4 a5 38. Bc5 Be5 39. Bb6 Rc2+ 40. Kf1 Bc7 41. Bxc7 Rxc7 42. Rd5 Ra7 43. Kf2 Rexe7 44. Rxe7+ Kxe7 45. Rh5 h6 46. h4 Kf7 47. Rb5 g6 48. Kg3 Ra6 49. Kg4 Ke6 50. Rc5 f5+ 51. Kg3 Kf6 52. f4 g5 53. hxg5+ hxg5 54. fxg5+ Kxg5 55. Rb5 Rc6 56. Rxa5 Rc3+ 57. Kf2 Kg4 58. Ra8 Rc2+ 59. Kg1 Kg3 60. Rg8+ Kf3 61. Rf8 f4 62. a5 Rg2+ 63. Kf1 Ra2 64. Kg1 Rxa5 65. Rf7 Ra8 66. Rf6 Ra1+ 67. Kh2 Rf1 68. Ra6 Re1 69. Rf6 Re4 70. Kg1 Rb4 71. Rf8 Rb1+ 72. Kh2 Rd1 73. Rf7 Rf1 74. Ra7 Re1 75. Rf7 Re4 76. Kg1 Ke2 77. Kg2 Ke3 78. Rf8 Re7 79. Rf6 Rg7+ 80. Kf1 Rc7 81. Rf8 Kf3 82. Kg1 Rc4 83. Rf7 Rc8 84. Rf6 Rg8+ 85. Kf1 Kg3 86. Kg1 Rg7 87. Rf8 Rd7 88. Rg8+ Kf3 89. Rf8 Rd1+ 90. Kh2 Rd2+ 91. Kg1 Ra2 92. Rf7 Rg2+ 93. Kf1 Rg5 94. Rf8 Kg3 95. Kg1 Rg4 96. Rf7 Rg8 97. Rf6 1/2-1/2

[Event "Condigne Dutch Open 2018"]
[Site "Dieren"]
[Date "2018.07.26"]
[Round "3"]
[White "Geurink, Jasper"]
[Black "Bruil, Rembrandt"]
[Result "1/2-1/2"]
[ECO "B30"]
[WhiteElo "2348"]
[BlackElo "2126"]
[Annotator "NA"]
[PlyCount "87"]
[EventDate "2018.07.24"]
[EventType "swiss"]
[EventCountry "NED"]
[SourceTitle "playchess.com"]
[Source "ChessBase"]
[SourceQuality "1"]
[TimeControl "40/5400+30:1800+30"]

1. e4 c5 2. Nf3 Nc6 3. Bb5 Nf6 4. Bxc6 dxc6 5. d3 Qc7 6. Nbd2 e5 7. Nc4 Bd6 8. h3 O-O 9. O-O Re8 10. a4 Nd7 11. Nxd6 Qxd6 12. Nd2 Qg6 13. Qf3 Nf8 14. Qg3 Qxg3 15. fxg3 Ne6 16. Nc4 Nd4 17. Rf2 f6 18. Be3 Be6 19. b3 Reb8 20. g4 Bxc4 21. bxc4 b5 22. axb5 cxb5 23. cxb5 Rxb5 24. Ra6 Rb6 25. Ra5 Rc6 26. c4 Ne6 27. Rb2 a6 28. Kf2 Rd8 29. Ke2 Rd7 30. Rb8+ Kf7 31. Ra3 Ke7 32. Kd2 Rd8 33. Rb7+ Rd7 34. Rb2 Rdd6 35. g3 Rb6 36. Rab3 Rxb3 37. Rxb3 Rc6 38. Rb7+ Kd6 39. h4 Rc7 40. Rb6+ Rc6 41. Rb1 h6 42. Rb7 Rc7 43. Rb6+ Rc6 44. Rb7 1/2-1/2

[Event "Condigne Dutch Open 2018"]
[Site "Dieren"]
[Date "2018.07.26"]
[Round "3"]
[White "Anand Nadar"]
[Black "Beerdsen, Thomas"]
[Result "1/2-1/2"]
[ECO "A40"]
[WhiteElo "2346"]
[BlackElo "2469"]
[Annotator "ChessBase"]
[PlyCount "117"]
[EventDate "2018.07.24"]
[EventType "swiss"]
[EventCountry "NED"]
[SourceTitle "playchess.com"]
[Source "ChessBase"]
[SourceQuality "1"]
[TimeControl "40/5400+30:1800+30"]

1. d4 e6 2. c4 b6 3. e4 Bb7 4. Bd3 Nc6 5. Ne2 g6 6. Nbc3 Bg7 7. Be3 Nge7 8. Qd2 d5 9. cxd5 exd5 10. e5 f6 11. f4 O-O 12. O-O Nb4 13. Rac1 Nxd3 14. Qxd3 Nf5 15. Nd1 a5 16. Rf3 Re8 17. Ng3 Nxg3 18. Rxg3 c5 19. Nf2 Bc8 20. Ng4 Bxg4 21. Rxg4 Qd7 22. h3 cxd4 23. Bxd4 fxe5 24. fxe5 Re6 25. Qc3 Rae8 26. Qc7 Qxc7 27. Rxc7 Bxe5 28. Bxe5 Rxe5 29. Rf4 Re1+ 30. Kh2 R1e7 31. Rxe7 Rxe7 32. Rf6 b5 33. Rb6 b4 34. Rb5 Rd7 35. Rxa5 d4 36. Rc5 d3 37. Rc1 Ra7 38. a3 bxa3 39. bxa3 Rxa3 40. Kg1 Kf7 41. Kf2 Kf6 42. Rc5 Ke6 43. Ke3 h5 44. Rg5 Kf6 45. Rd5 Ra2 46. Rxd3 Rxg2 47. Kf3 Rg5 48. Rd4 Rg1 49. Rf4+ Ke5 50. Re4+ Kd5 51. Ra4 Rf1+ 52. Kg3 Ke5 53. Ra5+ Kf6 54. Ra6+ Kg5 55. Ra5+ Rf5 56. h4+ Kf6 57. Ra6+ Kg7 58. Ra7+ Rf7 59. Ra6 1/2-1/2

[Event "Condigne Dutch Open 2018"]
[Site "Dieren"]
[Date "2018.07.26"]
[Round "3"]
[White "Maris, Ivo"]
[Black "Loginov, Valery A"]
[Result "0-1"]
[ECO "E32"]
[WhiteElo "2342"]
[BlackElo "2493"]
[Annotator "RC"]
[PlyCount "72"]
[EventDate "2018.07.24"]
[EventType "swiss"]
[EventCountry "NED"]
[SourceTitle "playchess.com"]
[Source "ChessBase"]
[SourceQuality "1"]
[TimeControl "40/5400+30:1800+30"]

1. d4 Nf6 2. c4 e6 3. Nc3 Bb4 4. Qc2 O-O 5. e4 d5 6. e5 Ne4 7. Bd3 c5 8. Nf3 cxd4 9. Nxd4 Nd7 10. Bf4 Ndc5 11. O-O Bxc3 12. bxc3 Bd7 13. Nb3 Nxd3 14. Qxd3 Rc8 15. f3 Nc5 16. Nxc5 Rxc5 17. cxd5 Bb5 18. Qe3 Rxd5 19. Rfc1 a6 20. Bg5 Qd7 21. Qf4 Rc8 22. c4 Rd4 23. Qg3 Rcxc4 24. h4 Kf8 25. h5 h6 26. Bf6 gxf6 27. exf6 Qd6 28. Qg7+ Ke8 29. Qg8+ Qf8 30. Qg3 Rd8 31. Kh1 Rc5 32. a4 Rxh5+ 33. Kg1 Bc6 34. Ra2 Rg5 35. Qh2 Rg6 36. Re2 Qd6 0-1

[Event "Condigne Dutch Open 2018"]
[Site "Dieren"]
[Date "2018.07.26"]
[Round "3"]
[White "Saravanan, V.."]
[Black "Zwirs, Jasper"]
[Result "1-0"]
[ECO "D30"]
[WhiteElo "2326"]
[BlackElo "2124"]
[Annotator "NA"]
[PlyCount "53"]
[EventDate "2018.07.24"]
[EventType "swiss"]
[EventCountry "NED"]
[SourceTitle "playchess.com"]
[Source "ChessBase"]
[SourceQuality "1"]
[TimeControl "40/5400+30:1800+30"]

1. Nf3 d5 2. d4 Nf6 3. c4 c6 4. e3 e6 5. b3 Bb4+ 6. Nbd2 b6 7. Bd3 Bb7 8. O-O Nbd7 9. Bb2 O-O 10. a3 Bd6 11. Ne5 c5 12. f4 Ne4 13. cxd5 exd5 14. Nxe4 dxe4 15. Bc4 Nf6 16. Qe2 cxd4 17. Bxd4 Rc8 18. Rfd1 Qc7 19. Ng4 Be7 20. Nxf6+ Bxf6 21. Bxf6 gxf6 22. Qg4+ Kh8 23. Qf5 Qc6 24. Bd5 Qc7 25. Qxf6+ Kg8 26. Bc4 Rfd8 27. Bxf7+ 1-0

[Event "Condigne Dutch Open 2018"]
[Site "Dieren"]
[Date "2018.07.26"]
[Round "3"]
[White "Van Osch, Mees"]
[Black "Evengroen, Henk-Jan"]
[Result "1-0"]
[ECO "C17"]
[WhiteElo "2324"]
[BlackElo "2160"]
[Annotator "NA"]
[PlyCount "81"]
[EventDate "2018.07.24"]
[EventType "swiss"]
[EventCountry "NED"]
[SourceTitle "playchess.com"]
[Source "ChessBase"]
[SourceQuality "1"]
[TimeControl "40/5400+30:1800+30"]

1. e4 e6 2. d4 d5 3. Nc3 Bb4 4. e5 c5 5. Bd2 Ne7 6. a3 Bxc3 7. Bxc3 b6 8. Bb5+ Bd7 9. Bd3 Nbc6 10. f4 cxd4 11. Bd2 Nf5 12. Nf3 h5 13. Qe2 g6 14. O-O h4 15. b4 b5 16. Qf2 Qb6 17. Bxf5 gxf5 18. Nxh4 d3 19. Nf3 Qxf2+ 20. Kxf2 dxc2 21. Ra2 Ne7 22. Rxc2 Rc8 23. Rxc8+ Bxc8 24. Rc1 Bd7 25. Be3 Nc6 26. Bc5 Rh6 27. Bd4 Kd8 28. h3 Nxd4 29. Nxd4 f6 30. Nf3 Be8 31. exf6 Rxf6 32. Ne5 Rh6 33. Rc3 Rh7 34. g4 fxg4 35. hxg4 Rh2+ 36. Kg3 Rh1 37. g5 Ke7 38. Rc7+ Kd6 39. Rc8 Bd7 40. Rd8 Rh7 41. g6 1-0

[Event "Condigne Dutch Open 2018"]
[Site "Dieren"]
[Date "2018.07.26"]
[Round "3"]
[White "Ojas Kulkarni"]
[Black "Reinderman, Dimitri"]
[Result "0-1"]
[ECO "A40"]
[WhiteElo "2226"]
[BlackElo "2575"]
[Annotator "ChessBase"]
[PlyCount "50"]
[EventDate "2018.07.24"]
[EventType "swiss"]
[EventCountry "NED"]
[SourceTitle "playchess.com"]
[Source "ChessBase"]
[SourceQuality "1"]
[TimeControl "40/5400+30:1800+30"]

1. d4 e6 2. c4 b6 3. Nc3 Bb7 4. Nf3 Bb4 5. Bg5 Bxc3+ 6. bxc3 Ne7 7. Nd2 h6 8. Bh4 O-O 9. e4 f5 10. f3 fxe4 11. fxe4 Qe8 12. Be2 Kh7 13. e5 Nf5 14. Bd3 Kh8 15. Bf2 Bxg2 16. Rg1 Bb7 17. Qg4 Rf7 18. Ne4 Nc6 19. Bh4 Qf8 20. Ng3 Nxh4 21. Qxh4 Rf4 22. Qh5 Ne7 23. Ne2 Bf3 24. Qh3 Bxe2 25. Kxe2 Rf2+ 0-1

[Event "Condigne Dutch Open 2018"]
[Site "Dieren"]
[Date "2018.07.26"]
[Round "3"]
[White "Van Dael, Siem"]
[Black "Anurag, Mhamal"]
[Result "0-1"]
[ECO "B66"]
[WhiteElo "2212"]
[BlackElo "2484"]
[Annotator "ChessBase"]
[PlyCount "56"]
[EventDate "2018.07.24"]
[EventType "swiss"]
[EventCountry "NED"]
[SourceTitle "playchess.com"]
[Source "ChessBase"]
[SourceQuality "1"]
[TimeControl "40/5400+30:1800+30"]

1. e4 c5 2. Nf3 d6 3. d4 cxd4 4. Nxd4 Nf6 5. Nc3 Nc6 6. Bg5 e6 7. Qd2 a6 8. O-O-O h6 9. Bf4 Bd7 10. Nxc6 Bxc6 11. Bxd6 Qxd6 12. Qxd6 Bxd6 13. Rxd6 Bxe4 14. Rd2 Bc6 15. f3 h5 16. h4 Ke7 17. Be2 Rag8 18. a4 g5 19. Bd3 g4 20. Be4 Nxe4 21. fxe4 g3 22. Re2 Rg4 23. Kd2 Rd8+ 24. Ke3 f5 25. Rf1 Bxe4 26. Rf4 e5 27. Rxg4 hxg4 28. Nxe4 f4# 0-1